 Dungeon Crawl Stone Soup version 0.31-a0-361-g0f8bd3a31e (webtiles) character file.

Game seed: 1849033232870377141

21 EC1 the Ducker (level 2, -10/23 HPs)
             Began as a Merfolk Gladiator on July 27, 2023.
             Mangled by a kobold
             ... wielding a +1 dagger of electrocution
              (13 damage)
             ... on level 1 of the Dungeon.
             The game lasted 00:00:27 (355 turns).

EC1 the Ducker (Merfolk Gladiator)                   Turns: 355, Time: 00:00:28

Health: -10/23     AC:  4    Str: 14    XL:     2   Next: 83%
Magic:  2/2        EV: 13    Int:  7    God:
Gold:   50         SH:  0    Dex: 15    Spells: 1/1 levels left

rFire   . . .        a - +0 trident
rCold   . . .        (no shield)
rNeg    . . .        b - +0 leather armour
rPois   .            c - +0 helmet
rElec   .            (no cloak)
rCorr   .            (no gloves)
SInv    .            (no boots)
Will    .....        (no amulet)
Stlth   +            (no ring)
HPRegen 0.23/turn    (no ring)
MPRegen 0.08/turn

%: no passive effects
@: no status effects
A: (nimble swimmer 2), mertail
a: no special abilities


You were on level 1 of the Dungeon.
You visited 1 branch of the dungeon, and saw 1 of its levels.

You collected 50 gold pieces.

Inventory:

Hand Weapons
 a - a +0 trident (weapon)
Missiles
 d - 3 throwing nets (quivered)
 e - a javelin
Armour
 b - a +0 leather armour (worn)
 c - a +0 helmet (worn)
Scrolls
 g - a scroll of teleportation {unknown}
 h - a scroll of enchant armour {unknown}
 i - 3 scrolls of amnesia {unknown}
 k - a scroll of blinking {unknown}
Potions
 j - a potion of brilliance {unknown}


   Skills:
 + Level 2.5 Fighting
 + Level 4.4 Polearms
 + Level 2.0 Throwing
 + Level 4.6 Dodging


You had one spell level left.
You didn't know any spells.
Your spell library contained the following spells:

 Spells                   Type           Power      Damage    Failure   Level
 Apportation              Tloc           0%         N/A       52%         1
 Alistair's Intoxication  Tmut/Pois      0%         N/A       100%        5
 Summon Forest            Summ/Tloc      0%         N/A       100%        5
 Eringya's Noxious Bog    Tmut/Pois      0%         4d6       100%        6
 Summon Hydra             Summ           0%         N/A       100%        7


Dungeon Overview and Level Annotations

Branches:
Dungeon (1/15)

Altars:


Innate Abilities, Weirdness & Mutations

((You are very nimble when in or above water. (Stealth+, EV+, Speed+++)))
Your lower body shifts to a powerful aquatic tail in water.


Message History

A kobold comes into view.
It is wielding a +1 dagger of electrocution.
Found 4 boomerangs.
You reach to attack!
You hit the kobold but do no damage.
The kobold shouts!
You hit the kobold.
The kobold is heavily wounded.
The kobold hits you with a +0 dagger.
You hit the kobold.
You kill the kobold!
A frilled lizard comes into view.
The frilled lizard hisses angrily.
You hit the ball python but do no damage.
The ball python closely misses you. The ball python grabs you.
The ball python constricts you.
A dart slug comes into view.
The ball python bites you. The ball python constricts you.
You hit the ball python but do no damage.
The ball python closely misses you. The ball python constricts you.
A goblin comes into view. It is wielding a +0 dagger.
You barely miss the ball python.
The ball python bites you but does no damage.
The ball python constricts you.
You barely miss the ball python.
The goblin shouts!
The ball python barely misses you. The ball python constricts you.
The kobold hits you with a +1 dagger of electrocution.
You are electrocuted!
Ouch! That really hurt!
* * * LOW HITPOINT WARNING * * *
The ball python closely misses you. The ball python constricts you.
* * * LOW HITPOINT WARNING * * *
You escape the ball python's grasp.
It was a potion of cancellation.
You feel magically purged. The kobold hits you but does no damage.
The ball python bites you.
* * * LOW HITPOINT WARNING * * *
The ball python grabs you. The ball python constricts you.
You escape the ball python's grasp.
The kobold attacks as you move away! The kobold hits you but does no damage.
You are electrocuted!
Ouch! That really hurt!
You die...

#.#.#.# # # #.#.#.#
...(#.. #.#.#.#
....... #.#.#.#
....... #.#.#..
.....# #.#.###
.....# #.#.. .....#
#.#########.....#
#.##.....@K).#
#.##.#####Sl....#
#.##.# .......#
#.##.# ###.....#
#.##.# ...g.#
#†##.######...w...
###.##..............
#.........###...##..
#.........#


You could see a dart slug, a goblin, a ball python, a kobold and a frilled
lizard.

Vanquished Creatures
  A dart slug (D:1)
  3 endoplasms (D:1)
  A goblin (D:1)
  A hobgoblin (D:1)
  2 kobolds (D:1)
  3 quokkas (D:1)
  A ball python (D:1)
  A bat (D:1)
  4 frilled lizards (D:1)
17 creatures vanquished.

Notes
Turn   | Place    | Note
-------+----------+-------------------------------------------
     0 | D:1      | EC1 the Merfolk Gladiator began the quest for the Orb.
     0 | D:1      | Reached XP level 1. HP: 16/16 MP: 1/1
    82 | D:1      | Reached XP level 2. HP: 23/23 MP: 2/2
   355 | D:1      | Mangled by a kobold

Illustrated notes

Levels and vault maps discovered:
D:1:      minmay_arrival_wavy_path, layout_basic,
          nicolae_kite_square_tiling_tiny

Action                     || total
---------------------------++-------
  Melee: Trident           ||    45
    Use: Potion            ||     1
   Stab: Sleeping          ||     1
 Armour: Leather armour    ||    10
  Dodge: Dodged            ||    14

Table legend: (Time is in decaauts)
 A = Elapsed time spent in this place.
 B = Non-inter-level travel time spent in this place.
 C = Inter-level travel time spent in this place.
 D = Time resting spent in this place.
 E = Time spent auto-exploring this place.
 F = Levels seen in this place.
 G = Mean time per level.
                   A        B        C        D        E       F      G
               +--------+--------+--------+--------+--------+-----+--------+
         Total |    358 |    358 |      0 |      0 |    262 |   1 |  358.0 |
       Dungeon |    358 |    358 |      0 |      0 |    262 |   1 |  358.0 |
               +--------+--------+--------+--------+--------+-----+--------+

Top non-repeatable levels by time:
     D:1: 358 daAuts
